Map: Oxide LE

Players

Astrea

  • Race: Protoss Protoss
  • Spawn Location: 7:00

Reynor - Winner!

  • Race: Zerg Zerg
  • Spawn Location: 1:00

Event: IEM Katowice 2021

VOD

Have the link to the VOD?

Description

Time

  • Played on: Feb. 24, 2021, 1:11 p.m.
  • Length: 14:36

All games in this series

Show
View Real Time Build Order
Export as new Build Order

Astrea Protoss 

Build Orders: 1 Gate Expand, Mass Adepts 

Get SALT Encoding   

  12  0:00  Probe  
  13  0:12  Probe  
  14  0:17  Pylon  
  14  0:24  Probe  
  14  0:27  Assimilator  
  15  0:36  Probe (Chrono Boost)  
  16  0:44  Gateway  
  16  0:48  Probe (Chrono Boost)  
  17  0:53  Probe (Chrono Boost)  
  18  1:03  Probe  
  19  1:15  Probe  
  20  1:24  Nexus  
  20  1:32  Cybernetics Core  
  20  1:35  Probe  
  21  1:40  Assimilator  
  21  1:47  Probe  
  21  1:50  Pylon  
  22  1:59  Probe (Chrono Boost)  
  23  2:06  Adept (Chrono Boost)  
  24  2:09  Warp Gate  
  24  2:10  Probe (Chrono Boost)  
  24  2:14  Probe (Chrono Boost)  
  26  2:18  Twilight Council  
  27  2:26  Probe  
  28  2:30  Stalker (Chrono Boost)  
  28  2:37  Probe  
  31  2:38  Probe  
  31  2:44  Robotics Facility  
  32  2:49  Probe  
  32  2:50  Probe  
  34  2:59  Gateway  
  34  3:06  Gateway  
  34  3:08  Probe x2  
  36  3:13  Resonating Glaives (Chrono Boost)  
  36  3:23  Gateway x2  
  36  3:30  Warp Prism (Chrono Boost)  
  38  3:36  Pylon  
  38  3:39  Probe  
  38  3:40  Probe  
  40  3:52  Probe  
  41  3:57  Adept x2  
  41  4:00  Observer, Pylon  
  41  4:01  Adept  
  48  4:08  Probe  
  49  4:13  Probe  
  50  4:18  Adept x4  
  50  4:21  Adept  
  50  4:23  Pylon  
  60  4:42  Adept  
  60  4:43  Adept x3  
  68  4:49  Adept  
  68  4:51  Probe  
  69  4:59  Probe  
  70  5:01  Pylon  
  70  5:03  Assimilator  
  70  5:14  Probe x2  
  70  5:19  Immortal  
  70  5:21  Adept x2  
  74  5:26  Probe (Chrono Boost)  
  74  5:27  Assimilator  
  78  5:31  Probe (Chrono Boost)  
  78  5:33  Nexus  
  78  5:34  Pylon  
  78  5:40  Probe (Chrono Boost)  
  78  5:41  Probe (Chrono Boost)  
  78  5:52  Probe  
  78  5:55  Probe  
  78  5:59  Immortal  
  78  6:00  Forge  
  82  6:04  Probe  
  82  6:06  Pylon  
  82  6:07  Probe  
  84  6:16  Probe  
  85  6:19  Probe  
  85  6:23  Pylon  
  86  6:27  Pylon  
  86  6:28  Probe, Sentry x3  
  86  6:29  Protoss Ground Weapons Level 1 (Chrono Boost)  
  86  6:31  Probe  
  94  6:33  Blink  
  94  6:41  Probe (Chrono Boost)  
  94  6:43  Immortal (Chrono Boost)  
  94  6:47  Probe x2 (Chrono Boost)  
  101  6:53  Probe (Chrono Boost)  
  102  6:56  Probe (Chrono Boost)  
  102  6:58  Probe x2 (Chrono Boost)  
  105  7:01  Probe (Chrono Boost)  
  105  7:02  Assimilator  
  105  7:07  Probe x2, Assimilator  
  108  7:10  Sentry x3  
  108  7:11  Gateway  
  108  7:12  Gateway  
  108  7:13  Probe  
  115  7:19  Probe  
  115  7:20  Probe  
  115  7:21  Photon Cannon  
  117  7:25  Probe  
  117  7:27  Pylon  
  117  7:28  Pylon  
  118  7:32  Robotics Bay  
  116  7:38  Stalker x2  
  116  7:39  Stalker x2  
  116  7:44  Pylon  
  124  7:45  Pylon  
  124  7:50  Pylon  
  124  7:51  Probe  
  123  7:59  Robotics Facility  
  123  8:02  Stalker x5  
  126  8:26  Probe  
  116  8:27  Stalker x7  
  120  8:36  Probe (Chrono Boost)  
  116  8:41  Probe x2 (Chrono Boost)  
  116  8:42  Protoss Ground Weapons Level 2  
  116  8:49  Probe (Chrono Boost)  
  116  8:53  Probe x2 (Chrono Boost)  
  125  9:01  Colossus x2 (Chrono Boost)  
  125  9:02  Shield Battery  
  125  9:07  Adept x2  
  135  9:22  Pylon  
  135  9:24  Pylon  
  135  9:30  Extended Thermal Lance  
  135  9:37  Nexus  
  135  9:38  Pylon  
  135  9:44  Sentry  
  143  9:53  Colossus (Chrono Boost)  
  143  9:56  Stalker x6  
  151  10:08  Colossus (Chrono Boost)  
  151  10:27  Stalker x7  
  161  10:37  Cybernetics Core  
  161  10:48  Pylon  
  156  10:56  Stalker x6  
  110  11:19  Stalker  
  110  11:20  Stalker x6  
  110  11:22  Protoss Ground Weapons Level 3 (Chrono Boost)  
  110  11:24  Nexus  
  124  11:28  Pylon  
  124  11:41  Pylon  
  104  12:01  Stalker x7  
  104  12:05  Probe x3  
  104  12:07  Photon Cannon, Colossus  
  121  12:10  Shield Battery  
  121  12:16  Colossus  
  121  12:17  Probe x2 (Chrono Boost)  
  121  12:18  Probe (Chrono Boost)  
  130  12:27  Sentry x2  
  142  12:30  Probe x2 (Chrono Boost)  
  142  12:31  Sentry  
  142  12:34  Probe (Chrono Boost)  
  142  12:35  Probe (Chrono Boost)  
  146  12:37  Shield Battery  
  146  12:45  Stalker x2  
  150  12:52  Photon Cannon  
  150  12:53  Photon Cannon  
  150  12:59  Assimilator  
  150  13:02  Assimilator  
  148  13:08  Probe  
  148  13:09  Stalker  
  148  13:10  Stalker x3  
  141  13:16  Probe x2  
  143  13:22  Templar Archives  
  141  13:34  Stalker x6  
  144  13:45  Probe  
  144  13:48  Probe x3  
  121  14:01  Stalker x6  
  123  14:23  Stalker  
  123  14:26  Stalker x6  
Show
View Real Time Build Order
Export as new Build Order

Reynor Zerg - Winner!

Build Orders: Hatch First 

Get SALT Encoding   

  12  0:00  Drone  
  13  0:12  Overlord  
  13  0:17  Drone  
  14  0:31  Drone x2  
  16  0:49  Hatchery  
  15  0:52  Drone  
  15  0:55  Drone  
  17  0:58  Drone  
  18  1:09  Extractor  
  17  1:15  Spawning Pool  
  17  1:16  Drone  
  17  1:20  Drone  
  18  1:27  Drone  
  19  1:38  Drone  
  20  1:48  Overlord  
  20  2:00  Drone  
  20  2:01  Queen x2, Drone  
  26  2:11  Zergling x4  
  28  2:21  Drone  
  28  2:22  Drone  
  30  2:32  Hatchery  
  30  2:33  Drone x2  
  31  2:38  Pneumatized Carapace  
  31  2:46  Queen  
  31  2:51  Overlord  
  33  2:53  Zergling x2  
  33  2:57  Drone  
  35  2:59  Drone  
  35  3:02  Metabolic Boost  
  36  3:09  Overlord  
  36  3:10  Drone  
  36  3:12  Drone  
  38  3:14  Drone  
  38  3:15  Drone  
  38  3:18  Drone  
  38  3:19  Drone  
  42  3:27  Queen  
  42  3:28  Drone  
  42  3:29  Drone  
  46  3:36  Queen  
  46  3:39  Overlord  
  48  3:43  Drone x2  
  48  3:47  Zergling x2  
  50  3:48  Drone x2  
  51  3:56  Roach Warren  
  51  3:57  Queen  
  51  4:00  Zergling x2  
  53  4:03  Zergling x4  
  53  4:08  Spine Crawler  
  53  4:09  Zergling x2  
  54  4:10  Zergling x2  
  54  4:13  Overlord  
  54  4:14  Zergling x2  
  56  4:17  Zergling x2  
  56  4:19  Zergling x4  
  56  4:22  Zergling x2  
  56  4:23  Zergling x2  
  61  4:25  Overlord  
  61  4:39  Roach x5  
  61  4:41  Roach  
  61  4:44  Zergling x2, Roach  
  76  4:47  Zergling x2, Roach  
  76  4:52  Roach  
  81  4:53  Overlord  
  81  5:01  Overlord  
  81  5:05  Spore Crawler  
  80  5:07  Overlord  
  80  5:11  Overlord  
  76  5:16  Drone x7  
  76  5:17  Drone  
  76  5:18  Drone  
  84  5:23  Spore Crawler  
  84  5:24  Spore Crawler  
  84  5:26  Drone  
  83  5:29  Drone  
  83  5:30  Drone  
  85  5:38  Roach x3  
  85  5:42  Drone x4  
  93  5:50  Drone x4  
  93  5:55  Drone x2  
  97  5:58  Drone  
  97  6:03  Overlord  
  98  6:05  Drone x3  
  98  6:08  Extractor x2  
  98  6:09  Drone x2  
  98  6:10  Drone  
  100  6:12  Overlord  
  100  6:13  Drone  
  100  6:14  Drone  
  101  6:20  Drone x3  
  101  6:23  Overlord  
  101  6:24  Lair  
  104  6:26  Zergling x2, Extractor  
  104  6:27  Zergling x4, Extractor  
  104  6:31  Drone  
  104  6:32  Evolution Chamber  
  105  6:33  Drone x2  
  105  6:34  Overlord  
  105  6:36  Drone  
  105  6:38  Drone  
  105  6:39  Extractor  
  108  6:40  Drone x2  
  108  6:45  Drone x2  
  112  6:47  Overlord  
  112  6:49  Drone x2  
  112  6:50  Drone  
  115  6:58  Overlord  
  115  7:02  Hatchery, Drone x2  
  115  7:04  Zerg Missile Weapons Level 1  
  116  7:17  Zergling x12, Roach x3  
  116  7:18  Drone x2  
  116  7:22  Roach  
  132  7:23  Ravager x4  
  132  7:24  Glial Reconstitution  
  132  7:28  Overlord  
  135  7:33  Zergling x2, Roach x2  
  135  7:34  Zergling x8  
  143  7:41  Overlord  
  143  7:43  Roach  
  145  7:44  Zergling x2  
  148  7:51  Ravager x2  
  148  7:52  Ravager  
  148  7:54  Overlord  
  148  7:55  Zergling x4, Roach  
  148  7:57  Overlord  
  153  8:01  Overlord  
  153  8:02  Hatchery x2  
  151  8:06  Overlord, Baneling Nest  
  151  8:09  Zergling x2  
  151  8:10  Zergling x4  
  150  8:14  Roach x5  
  150  8:16  Overlord  
  150  8:19  Zergling x4  
  156  8:23  Roach x2  
  156  8:27  Overlord  
  154  8:34  Drone x4  
  154  8:35  Drone  
  154  8:38  Baneling Nest  
  154  8:39  Evolution Chamber, Overlord  
  154  8:40  Drone x2  
  154  8:42  Drone x2  
  154  8:44  Drone x2  
  158  8:50  Roach x2  
  158  8:52  Ravager x2  
  158  8:54  Centrifical Hooks  
  164  8:56  Drone x2  
  164  8:59  Drone x2  
  164  9:00  Zerg Missile Weapons Level 2  
  168  9:08  Zergling x8  
  168  9:15  Zergling x10  
  168  9:16  Queen, Drone x3  
  175  9:20  Zergling x2, Infestation Pit, Roach  
  175  9:23  Roach  
  179  9:26  Overlord  
  179  9:28  Drone x3  
  180  9:31  Ravager x2  
  180  9:32  Zergling x6  
  180  9:33  Zergling x2, Zerg Melee Weapons Level 1  
  180  9:35  Drone  
  180  9:37  Drone x2  
  189  9:40  Overlord  
  189  9:41  Ravager x2  
  189  9:42  Zergling x6  
  194  9:46  Zergling x2  
  194  9:47  Baneling x6  
  194  9:49  Zergling x4  
  194  9:58  Baneling x19  
  194  9:59  Drone x6  
  200  10:01  Extractor  
  200  10:04  Spore Crawler, Spine Crawler  
  200  10:06  Hive  
  197  10:10  Zergling x6  
  197  10:13  Baneling x7  
  197  10:14  Baneling x4  
  200  10:32  Baneling  
  200  10:33  Baneling x9  
  196  10:37  Drone x5  
  198  10:43  Spore Crawler  
  194  10:54  Zergling x36  
  194  10:55  Zergling x8  
  191  10:57  Zergling x8, Roach x2  
  191  11:01  Roach  
  188  11:04  Roach x3  
  188  11:06  Zergling x4  
  188  11:09  Zergling x6, Roach  
  189  11:14  Baneling x18  
  189  11:15  Zergling x6, Roach  
  189  11:17  Zergling x2  
  188  11:21  Baneling x12, Extractor  
  188  11:22  Zergling x4, Roach  
  188  11:23  Zergling x2  
  188  11:24  Roach  
  194  11:28  Baneling x3  
  194  11:30  Zergling x8  
  198  11:36  Zergling x6  
  199  11:45  Zergling x8  
  198  11:50  Zergling x18, Roach  
  195  11:57  Viper x2  
  187  12:01  Zergling x6  
  187  12:03  Zergling x2  
  187  12:04  Zerg Melee Weapons Level 2  
  187  12:05  Zergling x4  
  187  12:07  Zergling x6  
  194  12:16  Baneling x14  
  194  12:17  Drone  
  194  12:20  Spine Crawler  
  194  12:24  Zergling x10  
  194  12:25  Hatchery  
  194  12:26  Adrenal Glands  
  198  12:37  Extractor  
  197  12:44  Zergling x10  
  195  12:50  Baneling x17  
  195  12:51  Baneling x6  
  199  12:52  Drone  
  199  12:55  Extractor  
  197  13:11  Zergling x26  
  181  13:43  Zergling x58  
  189  13:55  Zergling x16, Roach  
  179  14:01  Roach x2  
  168  14:03  Roach  
  168  14:05  Baneling x17  
  168  14:06  Roach x2  
  168  14:07  Baneling x15  
  168  14:08  Baneling  
  168  14:09  Roach x4  
  175  14:10  Roach  
  175  14:13  Roach  
  175  14:17  Baneling x2  
  175  14:18  Baneling x8  

Tags
 
Add a new tag
Caveats
  • Supply blocks, unpowered buildings, or Contaminate may cause inaccurate times.
  • Supply counts are checked every 10 seconds.